 Dungeon Crawl Stone Soup version 0.28-a0-1545-g945cd3f27e (webtiles) character file.

Game seed: 6726085061449400489

77 MacCMillion the Chiller (level 4, 30/30 HPs)
             Began as a Merfolk Ice Elementalist on Jan 18, 2022.
             Was a Follower of Trog.
             Quit the game on level 2 of the Dungeon.
             The game lasted 00:05:25 (2963 turns).

MacCMillion the Chiller (Merfolk Ice Elementalist)  Turns: 2963, Time: 00:05:25

Health: 30/30      AC:  2    Str:  8    XL:     4   Next: 33%
Magic:  7/7        EV: 13    Int: 16    God:    Trog [*.....]
Gold:   93         SH:  0    Dex: 14    Spells: 3/7 levels left

rFire   . . .      SeeInvis .   h - +2 short sword (drain)
rCold   . . .      Faith    .   (no shield)
rNeg    . . .      Spirit   .   a - +0 robe
rPois   .          Reflect  .   (no helmet)
rElec   .          Harm     .   (no cloak)
rCorr   .          Rampage  .   (no gloves)
Will    .....                   (no boots)
Stlth   ++........              (no amulet)
HPRegen 0.10/turn               (no ring)
MPRegen 0.10/turn               (no ring)

@: no status effects
A: (nimble swimmer 2), mertail
a: Renounce Religion, Berserk


You were on level 2 of the Dungeon.
You worshipped Trog.
Trog was aware of your devotion.
You visited 1 branch of the dungeon, and saw 3 of its levels.

You collected 93 gold pieces.

Inventory:

Hand Weapons
 c - a +0 dagger
 e - a +1 dagger of venom
 h - a +2 short sword of draining (weapon)
Armour
 a - a +0 robe (worn)
Scrolls
 b - a scroll of vulnerability {unknown}
 d - 2 scrolls of magic mapping {unknown}
 f - a scroll of immolation {unknown}
 i - 2 scrolls of identify {unknown}
 l - a scroll of blinking {unknown}
Potions
 g - a potion of magic {unknown}
 j - a potion of heal wounds {unknown}
 k - a potion of curing {unknown}
 m - a potion of ambrosia {unknown}
 n - a potion of mutation {unknown}


   Skills:
 + Level 4.2 Dodging
 - Level 3.0 Stealth
 - Level 2.1 Spellcasting
 - Level 5.2 Ice Magic


You had 3 spell levels left.
You knew the following spells:

 Your Spells              Type           Power      Damage    Failure   Level
a - Freeze                Ice            72%        1d9       2%          1
b - Frozen Ramparts       Ice            36%        1d5       8%          3

Your spell library contained the following spells:

 Spells                   Type           Power      Damage    Failure   Level
 Ozocubu's Armour         Ice            18%        N/A       8%          3
 Hailstorm                Conj/Ice       10%        3d5       56%         4


Dungeon Overview and Level Annotations

Branches:
Dungeon (3/15)

Altars:
Trog


Innate Abilities, Weirdness & Mutations

((You are very nimble when in or above water. (Stealth+, EV+, Speed+++)))
Your lower body shifts to a powerful aquatic tail in water.


Message History

You open the door.
There is an open door here.
There is a faded altar of an unknown god here.
There is an open door here.
There is an open door here.
There is a stone staircase leading down here.
You see here a +0 leather armour.
A giant cockroach comes into view.
The helpless giant cockroach fails to defend itself.
You hit the giant cockroach.
You kill the giant cockroach!
You see here a giant cockroach corpse.
d - 2 scrolls labelled VIS NOOFOTYWKE (gained 1)
You open the door.
There is an open door here.
You open the door.
There is an open door here.
You hit the fungus.
The fungus begins to die.
You drain the fungus.
The fungus is lightly damaged.
You hit the fungus.
The fungus is lightly damaged.
You hit the fungus. You drain the fungus.
The fungus is lightly damaged.
A nearby fungus withers and dies.
There is a faded altar of an unknown god here.
You cannot tell which god this altar belongs to.
Convert to them anyway?
Okay, then.
Unknown command.
Press < or > to pray at altars.
You cannot tell which god this altar belongs to.
Convert to them anyway?
Trog accepts your prayer! Trog welcomes you!
You can now go berserk at will.
Unknown command.
Press < or > to pray at altars.
Unknown command.
Press < or > to pray at altars.
Okay, then.
There is an open door here.
Are you sure you want to abandon this character and quit the game? (Confirm with "yes".)

#.......# #####'#.....#
#.....#.....#
#.###8#.....###########
#.#...#...............#####
#.#.#.##.†.................
#.'.#.P##.##...........####
#####._.#####...<.....####.
##..#P@.#...>.....###..
####.#.#.#..........>...
#########..#..P#.###.........###
#.......#.##8###.#...#..######
#.......#.##.....#.#....#
#.......#.##'#####...##.#
#...............#######.# #
#............#.## #.# ##
#.......#.####.# #.#######.


There were no monsters in sight!

Vanquished Creatures
  A gnoll (D:1)
  An adder (D:2)
  A worm (D:3)
  3 dart slugs
  4 endoplasms
  2 giant cockroaches (D:2)
  5 goblins
  A hobgoblin (D:2)
  3 jackals (D:1)
  A quokka (D:1)
  6 ball pythons
  9 bats
  3 frilled lizards (D:1)
  4 kobolds
  4 rats
48 creatures vanquished.

Vanquished Creatures (others)
  A fungus (D:2)
  2 plants (D:1)
3 creatures vanquished.

Grand Total: 51 creatures vanquished

Notes
Turn   | Place    | Note
-------+----------+-------------------------------------------
     0 | D:1      | MacCMillion the Merfolk Ice Elementalist began the quest
                  | for the Orb.
     0 | D:1      | Reached XP level 1. HP: 13/13 MP: 3/3
   558 | D:1      | Reached XP level 2. HP: 19/19 MP: 5/5
  1388 | D:1      | Reached XP level 3. HP: 24/24 MP: 4/6
  1993 | D:2      | You fall into a shaft and drop 1 floor!
  2002 | D:3      | Learned a level 3 spell: Frozen Ramparts
  2043 | D:3      | Reached skill level 5 in Ice Magic
  2387 | D:2      | Reached XP level 4. HP: 30/30 MP: 0/7
  2816 | D:2      | Found a faded altar of an unknown god.
  2957 | D:2      | Prayed at the altar of an unknown god.
  2957 | D:2      | Became a worshipper of Trog the Wrathful
  2957 | D:2      | Reached * piety under Trog
  2963 | D:2      | Quit the game

Illustrated notes

Levels and vault maps discovered:
D:1:      eino_arrival_water_cross, layout_loops_ring
D:2:      layout_rooms, shapermc_ecumenical_altar_ellora, supply_closet_lemuel
D:3:      layout_loops_ring, fedhas_altar_2, uniq_crazy_yiuf_cottage,
          uniq_sigmund

Skill      XL: |  1  2  3 |
---------------+----------+-----
Dodging        | 3 4 |  4.2
Stealth        | 3 |  3.0
Ice Magic      | 5 |  5.2
Spellcasting   | |  2.1

Action                   |  1- 3 |  4- 6 || total
-------------------------+-------+-------++-------
Melee: Unarmed           |    11 |       ||    11
       Dagger            |    48 |       ||    48
       Punch             |     1 |       ||     1
       Short sword       |       |    17 ||    17
 Cast: Freeze            |    51 |     1 ||    52
       Frozen Ramparts   |     1 |       ||     1
 Stab: Sleeping          |     3 |     3 ||     6
Armor: Robe              |    33 |     1 ||    34
Dodge: Dodged            |    76 |     7 ||    83

Table legend: (Time is in decaauts)
 A = Elapsed time spent in this place.
 B = Non-inter-level travel time spent in this place.
 C = Inter-level travel time spent in this place.
 D = Time resting spent in this place.
 E = Time spent auto-exploring this place.
 F = Levels seen in this place.
 G = Mean time per level.
                   A        B        C        D        E       F      G
               +--------+--------+--------+--------+--------+-----+--------+
         Total |   2963 |   2935 |     28 |    610 |   1856 |   3 |  987.7 |
       Dungeon |   2963 |   2935 |     28 |    610 |   1856 |   3 |  987.7 |
               +--------+--------+--------+--------+--------+-----+--------+

Top non-repeatable levels by time:
     D:1: 1992 daAuts
     D:2: 799 daAuts
     D:3: 171 daAuts
